Map: Ruins of Seras

Players

ImotoFantasy

  • Race: Protoss Protoss
  • League: Platinum

LiMiTeD - Winner!

  • Race: Zerg Zerg
  • League: Platinum

VOD

Have the link to the VOD?

Description

Time

  • Played on: Oct. 27, 2015, 11:27 p.m.
  • Length: 3:25
Show
View Real Time Build Order
Export as new Build Order

ImotoFantasy Protoss 

Build Orders:  

Get SALT Encoding   

  12  0:01  Probe (Chrono Boost)  
  13  0:12  Probe (Chrono Boost)  
  14  0:22  Pylon  
  14  0:25  Probe (Chrono Boost)  
  15  0:40  Probe (Chrono Boost)  
  16  0:51  Probe (Chrono Boost)  
  17  1:01  Probe (Chrono Boost)  
  18  1:10  Forge  
  18  1:12  Probe (Chrono Boost)  
  18  1:16  Pylon  
  19  1:22  Probe (Chrono Boost)  
  20  1:33  Probe (Chrono Boost)  
  20  1:46  Gateway  
  20  1:47  Photon Cannon  
  20  1:57  Probe (Chrono Boost)  
  20  2:00  Assimilator  
  21  2:05  Assimilator  
  21  2:07  Probe (Chrono Boost)  
  22  2:21  Photon Cannon  
  20  2:23  Photon Cannon  
  12  2:45  Probe (Chrono Boost)  
  7  2:55  Probe (Chrono Boost)  
  8  3:03  Nexus  
  8  3:13  Probe (Chrono Boost)  
Show
View Real Time Build Order
Export as new Build Order

LiMiTeD Zerg - Winner!

Build Orders: Pool First 

Get SALT Encoding   

  12  0:01  Drone  
  13  0:08  Drone  
  14  0:26  Spawning Pool  
  13  0:30  Drone  
  14  0:36  Drone, Extractor  
  14  0:43  Drone, Extractor  
  14  0:49  Overlord  
  15  1:13  Zergling x4  
  15  1:14  Zergling x2  
  15  1:16  Queen  
  20  1:26  Zergling x2  
  21  1:39  Metabolic Boost  
  21  1:43  Zergling x2  
  22  1:49  Overlord  
  22  2:14  Hatchery  
  19  2:44  Zergling x2  
  19  2:45  Zergling x10  
  22  2:56  Drone  
  25  3:11  Drone  
  26  3:14  Hatchery  
Tags
 
Add a new tag
Caveats
  • Supply blocks, unpowered buildings, or Contaminate may cause inaccurate times.
  • Supply counts are checked every 10 seconds.